 Dungeon Crawl Stone Soup version 0.21-a0-401-g0b6bec4 (webtiles) character file.

53 Hasart the Skirmisher (level 3, -1/41 HPs)
             Began as an Ogre Monk on Oct 22, 2017.
             Slain by a hobgoblin (2 damage)
             ... on level 2 of the Dungeon.
             The game lasted 00:01:36 (1292 turns).

Hasart the Skirmisher (Ogre Monk)                   Turns: 1292, Time: 00:01:37

Health: -1/41      AC:  3    Str: 16    XL:     3   Next: 87%
Magic:  3/3        EV: 10    Int: 11    God:
Gold:   23         SH:  0    Dex: 11    Spells: 2/2 levels left

rFire    . . .     SeeInvis +   a - +0 mace
rCold    . . .     Gourm    .   (no shield)
rNeg     . . .     Faith    .   b - +0 robe
rPois    .         Spirit   .   (helmet restricted)
rElec    .         Reflect  .   (no cloak)
rCorr    .         Harm     .   (gloves unavailable)
MR       +....                  (boots unavailable)
Stlth    ++........             (no amulet)
HPRegen  0.13/turn              m - ring of see invisible
MPRegen  0.08/turn              (no ring)

@: lethally poisoned (-1 -> -4)
A: unfitting armour, antennae 1, magic resistance 1, tough skin 1
a: no special abilities


You were on level 2 of the Dungeon.
You were not hungry.

You visited 1 branch of the dungeon, and saw 2 of its levels.

You collected 23 gold pieces.

Inventory:

Hand Weapons
 a - a +0 mace (weapon)
Armour
 b - a +0 robe (worn)
Jewellery
 m - a ring of see invisible (left hand)
Scrolls
 e - 5 scrolls of identify {unknown}
 h - a scroll of magic mapping {unknown}
 i - a scroll of teleportation {unknown}
 l - a scroll of amnesia {unknown}
 o - a scroll of remove curse {unknown}
 q - a scroll of enchant weapon {unknown}
 s - a scroll of blinking {unknown}
Potions
 g - a potion of flight {unknown}
 j - a potion of brilliance {unknown}
 k - a potion of cancellation {unknown}
 n - a potion of mutation
 p - 2 potions of haste
 r - a potion of berserk rage {unknown}
Comestibles
 c - a bread ration
 d - 6 chunks of flesh
 f - 2 meat rations


   Skills:
 + Level 4.8 Fighting
 * Level 3.8 Maces & Flails
 - Level 2.6 Dodging
 - Level 1.4 Stealth


You had 2 spell levels left.
You didn't know any spells.

Dungeon Overview and Level Annotations

Branches:
Dungeon (2/15)

Altars:
Hepliaklqana


Innate Abilities, Weirdness & Mutations

You are too large for most types of armour.
You have tough skin. (AC +1)
You have a pair of small antennae on your head.
You are resistant to hostile enchantments. (MR+)


Message History

The adder barely misses you.
You closely miss the adder. The hobgoblin hits you.
The adder closely misses you. The hobgoblin barely misses you.
You barely miss the adder. The hobgoblin hits you.
The adder bites you but does no damage. The hobgoblin hits you.
The adder bites you.
* * * LOW HITPOINT WARNING * * *
You are poisoned.
The adder poisons you!
You barely miss the adder.
You feel sick. The hobgoblin hits you.
* * * LOW HITPOINT WARNING * * *
The adder barely misses you.
The hobgoblin hits you but does no damage.
It was a potion of mutation.
You feel extremely strange.
You feel resistant to hostile enchantments.
A pair of antennae grows on your head! The adder bites you.
* * * LOW HITPOINT WARNING * * *
The hobgoblin hits you.
You die...

.... $. #. ##### ... #.
#....######... ###.
#............. +...
#............. ###.
#.......w..... # #.
#.....Sg.......###.###.
#.....@....## .....(...
##............ ##.#...#
#.........##. #......
###.........# ###..##
#...........# .....#
#...........# #####.##
#...........# #.....
#....######...
.....#.##
#....############# #.#


You could see a worm, an adder and a hobgoblin.

Vanquished Creatures
  An adder (D:2)
  2 oozes
  A worm (D:2)
  2 leopard geckos
  A bat (D:1)
  A giant cockroach (D:2)
  4 goblins
  2 hobgoblins
  3 ball pythons
  A frilled lizard (D:1)
  5 kobolds
  9 rats
32 creatures vanquished.

Notes
Turn   | Place    | Note
-------+----------+-------------------------------------------
     0 | D:1      | Hasart the Ogre Monk began the quest for the Orb.
     0 | D:1      | Reached XP level 1. HP: 24/24 MP: 1/1
    65 | D:1      | Reached XP level 2. HP: 21/32 MP: 2/2
   708 | D:2      | Reached XP level 3. HP: 34/40 MP: 3/3
   773 | D:2      | Found a hazy altar of Hepliaklqana.
  1291 | D:2      | HP: 2/41 [hobgoblin (5)]
  1292 | D:2      | Gained mutation: You are resistant to hostile enchantments. (MR+) [potion of mutation]
  1292 | D:2      | Gained mutation: You have a pair of small antennae on your head. [potion of mutation]
  1292 | D:2      | Slain by a hobgoblin

Vault maps used:
D:1:      onia_arrival_handbag
D:2:      lemuel_doored_altar, nicolae_overflow_hidden_temple,
          minmay_tiny_reverse_x

Skill      XL: |  1 |
---------------+----+-----
Maces & Flails | 3 |  3.8
Fighting       | |  4.8
Dodging        | |  2.6
Stealth        | |  1.4

Action                   || total
-------------------------++-------
Melee: Mace              ||    89
  Use: Potion            ||     1
 Stab: Sleeping          ||     5
  Eat: Chunk             ||     1
Armor: Robe              ||    26
Dodge: Dodged            ||    46

Table legend:
 A = Spawn XP
 B = Non-spawn XP
 C = Spawn XP percentage of total XP
 D = Spawn monster count
 E = Non-spawn monster count
 F = Spawn count percentage of total count
 G = Total turns spent on level
                    A         B        C        D         E        F      G
               +---------+---------+-------+---------+---------+-------+---------
         Total |       0 |      76 |   0.0 |       0 |      32 |   0.0 |  1292
               +---------+---------+-------+---------+---------+-------+---------
           D:1 |       0 |      30 |   0.0 |       0 |      17 |   0.0 |   678
           D:2 |       0 |      46 |   0.0 |       0 |      15 |   0.0 |   614
               +---------+---------+-------+---------+---------+-------+---------
